 Dungeon Crawl Stone Soup version 0.29.0-10-g45618ea6d2 (webtiles) character file.

Game seed: 9111469940445117275

160 nickcage the Poker (level 5, -2/37 (38) HPs)
             Began as a Merfolk Gladiator on Sept 1, 2022.
             Was a Believer of Wu Jian.
             Slain by an orc
             ... wielding a +0 whip of draining
              (3 damage)
             ... on level 5 of the Dungeon.
             The game lasted 00:05:39 (2840 turns).

nickcage the Poker (Merfolk Gladiator)              Turns: 2840, Time: 00:05:41

HP:   -2/37 (38)    AC:  7    Str: 17    XL:     5   Next: 41%
MP:   5/5           EV: 12    Int:  7    God:    Wu Jian [**....]
Gold: 160           SH:  0    Dex: 15    Spells: 4/4 levels left

rFire   . . .      SeeInvis .   a - +0 trident
rCold   . . .      Faith    .   (no shield)
rNeg    . . .      Spirit   .   l - +0 ring mail
rPois   .          Reflect  .   c - +0 helmet
rElec   .          Harm     .   p - +0 cloak
rCorr   .          Rampage  .   (no gloves)
Will    .....                   (no boots)
Stlth   +.........              (no amulet)
HPRegen 0.12/turn               (no ring)
MPRegen 0.09/turn               (no ring)

@: lethally poisoned (-2 -> -6), lightly drained
A: (nimble swimmer 2), mertail
a: Renounce Religion, Wall Jump


You were on level 5 of the Dungeon.
You worshipped Wu Jian.
Wu Jian was pleased with you.
You visited 1 branch of the dungeon, and saw 5 of its levels.

You collected 160 gold pieces.

Inventory:

Hand Weapons
 a - a +0 trident (weapon)
Missiles
 d - 3 throwing nets (quivered)
 e - a javelin
Armour
 b - a +0 leather armour
 c - a +0 helmet (worn)
 l - a +0 ring mail (worn)
 p - a +0 cloak (worn)
Wands
 q - a wand of polymorph (12)
 r - a wand of paralysis (8)
Scrolls
 f - a scroll of teleportation {unknown}
 h - a scroll of vulnerability {unknown}
 i - a scroll of identify
 k - 2 scrolls of blinking
 m - a scroll of poison {unknown}
 n - 2 scrolls of magic mapping {unknown}
Potions
 g - 2 potions of lignification
 j - 2 potions of ambrosia
 o - a potion of might {unknown}
 s - a potion of flight {unknown}


   Skills:
 - Level 2.1 Fighting
 + Level 7.8 Polearms
 - Level 2.0 Throwing
 - Level 4.0 Dodging


You had 4 spell levels left.
You didn't know any spells.
Your spell library was empty.

Dungeon Overview and Level Annotations

Branches:
Dungeon (5/15)
 Temple: D:4-7

Altars:
Sif Muna
Wu Jian
The Shining One


Innate Abilities, Weirdness & Mutations

((You are very nimble when in or above water. (Stealth+, EV+, Speed+++)))
Your lower body shifts to a powerful aquatic tail in water.


Message History

The ball python barely misses you. The ball python grabs you.
The ball python constricts you. The adder bites you but does no damage.
You escape the ball python's grasp.
You spin and attack the ball python.
You puncture the ball python!
You kill the ball python!
The Council accepts your kill.
You see here a ball python corpse.
The adder attacks as you move away! The adder bites you.
Found 3 poisoned darts and 15 gold pieces.
Found a stone staircase leading down.
The adder bites you but does no damage. The adder bites you but does no damage.
The adder attacks as you move away! The adder bites you but does no damage.
The centaur shoots an arrow.
The arrow hits you!
* * * LOW HITPOINT WARNING * * *
The adder attacks as you move away! The adder barely misses you.
The adder closely misses you.
You see here 3 poisoned darts.
You spin and attack the adder.
You puncture the adder!
The adder is severely wounded.
The centaur shoots an arrow.
The arrow hits you.
* * * LOW HITPOINT WARNING * * *
The adder bites you.
* * * LOW HITPOINT WARNING * * *
There is a stone staircase leading down here.
The centaur shoots an arrow.
The arrow hits you.
* * * LOW HITPOINT WARNING * * *
The adder barely misses you. The orc hits you but does no damage.
You feel drained.
The centaur shoots an arrow.
The arrow barely misses you.
You climb downwards.
Reactivating autopickup.
The jelly quivers.
There is a stone staircase leading up here.
You closely miss the adder.
The adder is severely wounded.
The adder bites you.
* * * LOW HITPOINT WARNING * * *
You are lethally poisoned!
The adder poisons you!
The orc hits you with a +0 whip of draining.
You die...

. #. . . ..
#.#. #. ....##.
....... .......
###
.......###.....
......S@....#
........o...#
.......###.....
....... ####
#####J# #. #.
..


You could see a jelly, an adder and an orc.

Vanquished Creatures
  Robin (D:3)
  3 gnolls (D:2)
  3 adders (D:2)
  A worm (D:2)
  2 dart slugs
  An orc (D:3)
  9 ball pythons
  8 endoplasms
  A giant cockroach (D:3)
  6 hobgoblins
  5 jackals (D:2)
  6 kobolds
  5 quokkas
  5 bats
  A frilled lizard (D:1)
  12 goblins
  6 rats
75 creatures vanquished.

Notes
Turn   | Place    | Note
-------+----------+-------------------------------------------
     0 | D:1      | nickcage the Merfolk Gladiator began the quest for the Orb.
     0 | D:1      | Reached XP level 1. HP: 16/16 MP: 1/1
    48 | D:1      | Found a faded altar of an unknown god.
   103 | D:1      | Reached XP level 2. HP: 16/22 MP: 2/2
   109 | D:1      | Prayed at the altar of an unknown god.
   109 | D:1      | Became a worshipper of the Wu Jian Council
   109 | D:1      | Reached * piety under Wu Jian
   319 | D:1      | Reached skill level 5 in Polearms
   791 | D:1      | Reached XP level 3. HP: 27/27 MP: 3/3
  1152 | D:2      | Reached skill level 6 in Polearms
  1291 | D:2      | Reached XP level 4. HP: 22/33 MP: 4/4
  1291 | D:2      | Reached ** piety under Wu Jian
  1509 | D:2      | Reached skill level 7 in Polearms
  1970 | D:3      | Reached XP level 5. HP: 38/38 MP: 5/5
  2088 | D:3      | Found a shimmering blue altar of Sif Muna.
  2098 | D:3      | Found a glowing golden altar of the Shining One.
  2339 | D:3      | Noticed Robin
  2351 | D:3      | Killed Robin
  2718 | D:3      | Identified the +8 chain mail of Defiance {rCorr Str-2 SInv}
  2762 | D:3      | You fall into a shaft and drop 1 floor!
  2793 | D:4      | Noticed a centaur
  2839 | D:5      | Entered Level 5 of the Dungeon
  2840 | D:5      | HP: 1/37 [adder (1)]
  2840 | D:5      | Slain by an orc

Illustrated notes

Levels and vault maps discovered:
D:1:      sevenhm_arrival_forest_fort_small_4, layout_basic,
          ebering_ecumenical_altar_box
D:2:      layout_basic, corexii_hall_statues_u
D:3:      layout_loops_ring, amethyst_overflow_temple_binary, uniq_robin
D:4:      minmay_bubble_buster, layout_rooms, minmay_crystal_room
D:5:      layout_loops_ring, lemuel_coloured_pillars_altar

Skill      XL: |  1  2  3  4 |
---------------+-------------+-----
Polearms       | 5 6 7 |  7.8
Fighting       | |  2.1
Throwing       | |  2.0
Dodging        | |  4.0

Action                   |  1- 3 |  4- 6 || total
-------------------------+-------+-------++-------
Melee: Trident           |   143 |   115 ||   258
       Punch             |       |     1 ||     1
Invok: Whirlwind         |     1 |     4 ||     5
       Lunge             |       |     2 ||     2
  Use: Scroll            |       |     3 ||     3
 Stab: Sleeping          |     1 |       ||     1
Armor: Leather armour    |    24 |       ||    24
       Ring mail         |    34 |    51 ||    85
Dodge: Dodged            |    71 |    65 ||   136
